 Dungeon Crawl Stone Soup version 0.27-a0-836-gfc908b8576 (webtiles) character file.

Game seed: 12505188046643708898

56 Aviak the Magician (level 3, -1/28 HPs)
             Began as a Djinni Fire Elementalist on Mar 31, 2021.
             Slain by Sigmund
             ... wielding a +0 scythe
              (8 damage)
             ... on level 2 of the Dungeon.
             The game lasted 00:02:13 (2002 turns).

Aviak the Magician (Djinni Fire Elementalist)       Turns: 2002, Time: 00:02:14

Health: -1/28      AC:  2    Str:  7    XL:     3   Next: 95%
Gold:   65         EV: 13    Int: 17    God:
                   SH:  0    Dex: 13

rFire    + + +     SeeInvis .   g - +2 hand axe (flame)
rCold    x x .     Faith    .   (no shield)
rNeg     . . .     Spirit   .   a - +0 robe
rPois    ∞         Reflect  .   (no helmet)
rElec    .         Harm     .   (no cloak)
rCorr    .         Rampage  .   (no gloves)
Will     .....                  (boots unavailable)
Stlth    ++........             (no amulet)
HPRegen  0.09/turn              d - ring of fire
MPRegen  0.00/turn              F - ring of protection from fire

@: attractive, flying
A: fire resistance 2, cold vulnerability 1, float, innate caster, hp casting,
extra vitality 1
a: no special abilities


You were on level 2 of the Dungeon.
You visited 1 branch of the dungeon, and saw 2 of its levels.

You collected 65 gold pieces.

Inventory:

Hand Weapons
 g - a +2 hand axe of flaming (weapon)
Armour
 a - a +0 robe (worn)
Jewellery
 d - a ring of fire (left hand)
 F - a ring of protection from fire (right hand)
Scrolls
 f - a scroll of noise {!r!r}


   Skills:
 + Level 1.8 Fighting
 + Level 3.1 Dodging
 - Level 1.5 Stealth
 + Level 3.2 Spellcasting


You couldn't memorise any spells.
You knew the following spells:

 Your Spells              Type           Power      Damage    Failure   Level
a - Foxfire               Conj/Fire      80%        2x1d8     4%          1
b - Conjure Flame         Conj/Fire      20%        6-21      14%         3
c - Inner Flame           Hex/Fire       20%        N/A       14%         3
d - Sticky Flame          Conj/Fire      20%        2d4       41%         4
e - Fireball              Conj/Fire      10%        3d6       77%         5
f - Summon Small Mammal   Summ           52%        N/A       4%          1
Your spell library was empty.

Dungeon Overview and Level Annotations

Branches:
Dungeon (2/15)

Altars:

Annotations:
D:2 Sigmund


Innate Abilities, Weirdness & Mutations

You are immune to poison.
Your flesh is very heat resistant. (rF++)
You are vulnerable to cold. (rC-)
You float through the air rather than walking.
You learn spells naturally, not from books.
Your magical power is your life essence.
You have superior vitality. (+4 HP)


Message History

The foxfire hits something.
You see here a +2 hand axe of flaming.
Okay, then.
g - a +2 hand axe of flaming It was a potion of curing.
You feel better.
c - a potion of curing;
d - a ring of fire (left hand)
Something hits you!
It was a potion of attraction.
You feel attractive to monsters.
You hear some strange, mumbled words.
You are confused.
Your magical contamination has completely faded away.
Something is pulled toward you!
You're too confused to cast spells.
Drop what? 7/52 slots (_ for help) (? for menu, Esc to quit)
Okay, then.
You feel better.
You hear some strange, mumbled words.
A magic dart appears from out of thin air!
The magic dart hits you!
Casting: Foxfire (safe; 4% risk of failure)
Confirm with . or Enter, or press ? or * to list all spells.
Okay, then.
Casting: Foxfire (safe; 4% risk of failure)
Confirm with . or Enter, or press ? or * to list all spells.
You aren't experienced enough to cast this spell.
You aren't carrying any items that you can evoke.
You aren't carrying any potions.
As you read the scroll labelled YNUCKE XULIOSO, it crumbles to dust.
It is a scroll of identify.
f - a scroll of noise Something hits you but does no damage.
Your +2 hand axe of flaming bursts into flame!
g - a +2 hand axe of flaming (weapon)
You hit something. You burn something. Something hits you.
* * * LOW HITPOINT WARNING * * *
Unknown command.
Unknown command.
You closely miss something. Something hits you!
You die...

.≈≈....≈..# #.......#
≈..≈≈..≈..# #.......#
≈....≈≈...## #.......##
.≈≈⌠.......####........#
?)⌠≈≈.......v..§.......#
≈....≈††..######§......#
.≈≈..≈....# #.......#
...≈≈..{..# #.......#
≈......@.(# #.......#
≈≈........# ##..).....
≈≈≈≈≈≈###.### #......))#
#≈≈≈≈# ###.. +.(.......
###########.###.........
#.#....##.#....)......
#...##.##.............
#.####.##.............
#..<...#......÷.......


There were no monsters in sight!

Vanquished Creatures
  An adder (D:2)
  A worm (D:2)
  A dart slug (D:1)
  6 endoplasms
  A goblin (D:1)
  4 hobgoblins (D:1)
  7 jackals
  A quokka (D:1)
  3 ball pythons
  5 bats
  4 kobolds
  4 rats
38 creatures vanquished.

Vanquished Creatures (others)
  155 foxfires
155 creatures vanquished.

Grand Total: 193 creatures vanquished

Notes
Turn   | Place    | Note
-------+----------+-------------------------------------------
     0 | D:1      | Aviak the Djinni Fire Elementalist began the quest for the
                  | Orb.
     0 | D:1      | Reached XP level 1. HP: 15/15 MP: 0/0
   494 | D:1      | Reached XP level 2. HP: 17/22 MP: 0/0
   612 | D:1      | Reached skill level 1 in Fighting
  1028 | D:1      | Reached XP level 3. HP: 25/27 MP: 0/0
  1028 | D:1      | Learned a level 1 spell: Summon Small Mammal
  1987 | D:2      | Noticed Sigmund
  2002 | D:2      | Slain by Sigmund

Illustrated notes

Levels and vault maps discovered:
D:1:      dpeg_arrival_yet_another_circle, layout_basic, minmay_fountain_box
D:2:      cheibrodos_helix_gallery, layout_basic, uniq_sigmund, uniq_natasha

Skill      XL: |  1  2  3 |
---------------+----------+-----
Fighting       | 1 |  1.8
Spellcasting   | 3 |  3.2
Dodging        | 3 |  3.1
Stealth        | |  1.5

Action                   || total
-------------------------++-------
Melee: Unarmed           ||     4
       Hand axe          ||     2
 Cast: Foxfire           ||    91
  Use: Potion            ||     3
       Scroll            ||     1
Armor: Robe              ||     9
Dodge: Dodged            ||    13

Table legend: (Time is in decaauts)
 A = Elapsed time spent in this place.
 B = Non-inter-level travel time spent in this place.
 C = Inter-level travel time spent in this place.
 D = Time resting spent in this place.
 E = Time spent auto-exploring this place.
 F = Levels seen in this place.
 G = Mean time per level.
                   A        B        C        D        E       F      G
               +--------+--------+--------+--------+--------+-----+--------+
         Total |   1999 |   1978 |     21 |      0 |   1805 |   2 |  999.5 |
       Dungeon |   1999 |   1978 |     21 |      0 |   1805 |   2 |  999.5 |
               +--------+--------+--------+--------+--------+-----+--------+

Top non-repeatable levels by time:
     D:1: 1525 daAuts
     D:2: 474 daAuts
